Map: [ESL] Dragon Scales

Players

KingCobra

  • Race: Protoss Protoss
  • Spawn Location: 11:00

SKillous - Winner!

  • Race: Protoss Protoss
  • Spawn Location: 5:00

Event: ESL SC2 Masters 2023 Summer (Regionals)

VOD

Have the link to the VOD?

Description

Time

  • Played on: May 4, 2023, 12:06 p.m.
  • Length: 5:38

All games in this series

Show
View Real Time Build Order
Export as new Build Order

KingCobra Protoss 

Build Orders: Phoenix Opening 

Get SALT Encoding   

  12  0:00  Probe  
  13  0:12  Probe  
  14  0:17  Pylon  
  14  0:24  Probe  
  15  0:37  Gateway  
  15  0:38  Probe (Chrono Boost)  
  16  0:48  Probe (Chrono Boost), Assimilator  
  17  0:53  Probe (Chrono Boost)  
  18  0:58  Pylon  
  18  1:05  Probe (Chrono Boost)  
  18  1:06  Assimilator  
  19  1:13  Probe (Chrono Boost)  
  20  1:19  Probe  
  21  1:26  Cybernetics Core  
  21  1:31  Probe  
  21  1:32  Zealot  
  24  1:43  Probe  
  25  1:56  Probe  
  25  1:59  Pylon  
  26  2:03  Sentry  
  26  2:04  Warp Gate  
  28  2:09  Probe  
  29  2:21  Nexus  
  29  2:29  Stalker  
  31  2:38  Shield Battery  
  31  2:41  Pylon  
  31  2:51  Stargate  
  31  2:59  Probe  
  31  3:02  Stalker  
  34  3:14  Probe  
  34  3:34  Phoenix (Chrono Boost), Shield Battery  
  31  3:43  Probe  
  27  3:55  Probe (Chrono Boost)  
  27  4:00  Phoenix, Probe (Chrono Boost)  
  30  4:08  Probe (Chrono Boost)  
  32  4:11  Probe (Chrono Boost)  
  32  4:14  Probe (Chrono Boost)  
  32  4:16  Probe (Chrono Boost)  
  34  4:28  Probe (Chrono Boost)  
  35  4:32  Phoenix  
  35  4:35  Probe (Chrono Boost)  
  38  4:41  Probe (Chrono Boost)  
  38  4:45  Probe (Chrono Boost)  
  40  4:49  Probe (Chrono Boost)  
  40  4:52  Probe (Chrono Boost)  
  38  4:54  Probe (Chrono Boost)  
Show
View Real Time Build Order
Export as new Build Order

SKillous Protoss - Winner!

Build Orders: Oracle Opening 

Get SALT Encoding   

  12  0:00  Probe  
  13  0:12  Probe  
  14  0:17  Pylon  
  14  0:24  Probe (Chrono Boost)  
  15  0:34  Gateway  
  15  0:36  Probe (Chrono Boost)  
  16  0:45  Probe (Chrono Boost)  
  16  0:46  Assimilator  
  17  0:51  Probe  
  17  0:55  Assimilator  
  18  1:03  Probe (Chrono Boost)  
  19  1:07  Gateway  
  20  1:12  Probe (Chrono Boost)  
  20  1:17  Probe (Chrono Boost)  
  20  1:24  Cybernetics Core  
  21  1:29  Probe  
  22  1:36  Pylon  
  22  1:41  Probe  
  24  2:02  Stargate, Zealot x2  
  24  2:08  Warp Gate  
  27  2:09  Probe  
  28  2:21  Probe  
  29  2:24  Pylon  
  29  2:33  Probe  
  30  2:42  Oracle (Chrono Boost), Stalker  
  34  3:07  Nexus  
  34  3:12  Oracle (Chrono Boost)  
  38  3:24  Probe  
  38  3:25  Pylon  
  38  3:36  Probe  
  38  3:39  Twilight Council  
  39  3:48  Probe  
  38  3:59  Stalker  
  38  4:00  Probe  
  39  4:04  Stalker  
  41  4:12  Probe  
  42  4:25  Probe  
  42  4:28  Stalker  
  45  4:31  Probe  
  45  4:36  Stalker  
  45  4:37  Probe  
  49  4:43  Probe  
  50  4:49  Probe  
  51  4:56  Probe  
  52  5:01  Probe  
  52  5:08  Probe  
Tags
 
Add a new tag
Caveats
  • Supply blocks, unpowered buildings, or Contaminate may cause inaccurate times.
  • Supply counts are checked every 10 seconds.